 Dungeon Crawl Stone Soup version 0.30.1-9-gdf580d7c3d (webtiles) character file.

Game seed: 14112564099779131907

2020 Graphine the Grappler (level 9, -9/81 HPs)
             Began as a Troll Berserker on Oct 22, 2023.
             Was an Elder of Trog.
             Mangled by a red devil
             ... wielding a +0 trident
             ... summoned by a kobold demonologist
              (19 damage)
             ... on level 6 of the Dungeon.
             The game lasted 00:09:38 (4252 turns).

Graphine the Grappler (Troll Berserker)             Turns: 4252, Time: 00:09:38

Health: -9/81      AC:  4    Str: 31    XL:     9   Next: 3%
Magic:  8/8        EV: 10    Int:  3    God:    Trog [****..]
Gold:   364        SH:  0    Dex:  9    Spells: 8/8 levels left

rFire   + .          .
                       - Unarmed
rCold   + . .        (no shield)
rNeg    . . .        a - +0 animal skin
rPois   .            (helmet restricted)
rElec   .            y - scarf {rC+ rF+}
rCorr   .            (gloves unavailable)
SInv    .            (boots unavailable)
Will    .....        (no amulet)
Stlth   +            (no ring)
HPRegen 1.13/turn    (no ring)
MPRegen 0.11/turn

%: no passive effects
@: lethally poisoned (-9 -> -10), spiked
A: large, unfitting armour, claws 3, regeneration 1, shaggy fur 1, tough skin 1
a: Renounce Religion, Berserk, Trog's Hand, Brothers in Arms


You were on level 6 of the Dungeon.
You worshipped Trog.
Trog was greatly pleased with you.
You visited 1 branch of the dungeon, and saw 6 of its levels.

You collected 364 gold pieces.

Inventory:

Hand Weapons
 s - a +4 quarterstaff of chaos
 u - a +0 giant spiked club
Missiles
 z - 2 throwing nets (quivered)
Armour
 a - a +0 animal skin (worn)
 t - a +0 cloak
 y - a scarf of resistance (worn)
Jewellery
 e - an amulet of guardian spirit
 n - a ring of poison resistance
 o - a +4 ring of protection
Wands
 i - a wand of flame (9)
 r - a wand of light (8)
 x - a wand of charming (4)
Scrolls
 b - a scroll of amnesia
 c - 5 scrolls of identify
 d - 3 scrolls of immolation
 h - a scroll of poison
 j - 5 scrolls of fog
 k - a scroll of butterflies {unknown}
 l - 2 scrolls of enchant armour {unknown}
 m - 2 scrolls of vulnerability {unknown}
 p - 2 scrolls of teleportation {unknown}
 q - a scroll of brand weapon {unknown}
Potions
 f - a potion of attraction {unknown}
 g - 5 potions of curing
 v - 2 potions of lignification {unknown}
 w - 2 potions of might {unknown}


   Skills:
 * Level 3.0 Fighting
 - Level 2.4 Dodging
 - Level 12.0 Unarmed Combat


You had 8 spell levels left.
You didn't know any spells.
Your spell library was empty.

Dungeon Overview and Level Annotations

Branches:
Dungeon (6/15)
 Temple: D:4-7

Altars:
Cheibriados
Fedhas
Hepliaklqana
Nemelex Xobeh

Annotations:
D:6 4 runed translucent doors, 1 transporter, heartgrenade's ghost, novice MiFi


Innate Abilities, Weirdness & Mutations

You are too large for most types of armour.
You have claws for hands.
Your natural rate of healing is unusually fast.
You are covered in fur. (AC +1)
You have tough skin. (AC +1)


Message History

The water moccasin bites you.
You are poisoned.
The water moccasin poisons you! The red devil completely misses you.
You closely miss the water moccasin.
The water moccasin is severely wounded.
You feel sick.
The water moccasin bites you but does no damage.
The red devil barely misses you.
You scratch the water moccasin but do no damage.
The water moccasin is severely wounded.
You feel sick.
The water moccasin bites you but does no damage.
The barbs in your skin will harm you if you move.
Continue?
Okay, then.
You claw the water moccasin!
You kill the water moccasin!
Trog accepts your kill.
You feel sick. The red devil closely misses you.
Your Fighting skill increases to level 3!
You have reached level 9!
Your experience leads to an increase in your attributes!
Increase (S)trength, (I)ntelligence, or (D)exterity?
You feel stronger. x3
You barely miss the kobold demonologist.
You feel sick.
The red devil hits you from afar with a +0 trident!
* * * LOW HITPOINT WARNING * * *
Barbed spikes become lodged in your body.
The kobold demonologist hits you with a +0 dagger.
* * * LOW HITPOINT WARNING * * *
Okay, then.
You closely miss the kobold demonologist.
You feel sick.
The red devil hits you from afar with a +0 trident!
* * * LOW HITPOINT WARNING * * *
Barbed spikes become lodged in your body.
You barely miss the kobold demonologist.
The kobold demonologist casts a spell.
The red devil hits you from afar with a +0 trident!!
You die...

#..#8....8#
##....#>#.......
##.#[....:#
#.......####.###
#.#"....$# ##
##............#
#.#8....8# #).
?##......######
#.##8${8#####.##.#......#
#..##++##.'†##K#5#......#
##........##.#4.4#.##.#.#
########.#.####K#.##.#.#
#.##..4@##.##.#.#
#..######..##.#.#
##........###.#.#
###....####.#.#
####......#.# ######.#.#
#.#.# #.#.# #.#.########


You could see a hellwing (summoned), a kobold demonologist, a red devil
(summoned) and a white imp.

Vanquished Creatures
  A steam dragon (D:6)
  2 water moccasins (D:6)
  A black bear (D:4)
  2 ice beasts
  An ogre (D:5)
  8 scorpions
  A howler monkey (D:5)
  A jelly (D:6)
  3 orc priests
  7 hounds
  A gnoll bouda (D:6)
  A sleepcap (D:4)
  Crazy Yiuf (D:4)
  Natasha (thrice) (D:4)
  An iguana (D:6)
  2 orc wizards (D:6)
  7 gnolls (D:6)
  5 adders
  A shadow imp (D:6)
  An ufetubus (D:5)
  2 worms
  A dart slug (D:2)
  14 orcs
  8 ball pythons
  4 bats
  7 endoplasms
  6 giant cockroaches
  10 goblins
  11 hobgoblins
  3 jackals (D:1)
  7 kobolds
  3 quokkas
  7 frilled lizards
  6 rats
139 creatures vanquished.

Notes
Turn   | Place    | Note
-------+----------+-------------------------------------------
     0 | D:1      | Graphine the Troll Berserker began the quest for the Orb.
     0 | D:1      | Reached XP level 1. HP: 22/22 MP: 0/0
    56 | D:1      | Reached XP level 2. HP: 29/29 MP: 1/1
    82 | D:1      | Found a faded altar of an unknown god.
   180 | D:1      | Reached skill level 4 in Unarmed Combat
   347 | D:1      | Reached XP level 3. HP: 36/36 MP: 2/2
   434 | D:1      | Reached ** piety under Trog
   816 | D:2      | Reached skill level 5 in Unarmed Combat
   816 | D:2      | Reached XP level 4. HP: 43/44 MP: 3/3
  1403 | D:3      | Reached XP level 5. HP: 31/50 MP: 4/4
  1575 | D:3      | Reached *** piety under Trog
  1869 | D:4      | Noticed a black bear
  1874 | D:4      | Reached skill level 6 in Unarmed Combat
  1879 | D:4      | Killed a black bear
  1963 | D:4      | Reached XP level 6. HP: 59/59 MP: 5/5
  2021 | D:4      | Reached skill level 7 in Unarmed Combat
  2210 | D:4      | Found a runed translucent door.
  2211 | D:4      | Noticed Crazy Yiuf
  2281 | D:4      | Noticed Natasha
  2290 | D:4      | Killed Natasha
  2343 | D:4      | Noticed Natasha
  2348 | D:4      | Killed Natasha
  2485 | D:4      | Reached skill level 8 in Unarmed Combat
  2485 | D:4      | Reached XP level 7. HP: 65/66 MP: 6/6
  2748 | D:4      | Noticed Natasha
  2754 | D:4      | Killed Natasha
  2795 | D:4      | Killed Crazy Yiuf
  2825 | D:5      | Entered Level 5 of the Dungeon
  2843 | D:5      | Reached skill level 9 in Unarmed Combat
  2888 | D:5      | Found a blossoming altar of Fedhas.
  2888 | D:5      | Found a snail-covered altar of Cheibriados.
  3506 | D:6      | Found a hazy altar of Hepliaklqana.
  3508 | D:6      | Found a sparkling altar of Nemelex Xobeh.
  3516 | D:6      | Reached XP level 8. HP: 47/74 MP: 7/7
  3518 | D:6      | Reached skill level 10 in Unarmed Combat
  3712 | D:6      | Reached skill level 11 in Unarmed Combat
  3803 | D:6      | Reached **** piety under Trog
  4158 | D:6      | Found a large runed translucent door.
  4158 | D:6      | Found a large runed translucent door.
  4171 | D:6      | Noticed heartgrenade's ghost (novice MiFi)
  4172 | D:6      | Found a transporter.
  4172 | D:6      | Identified the +0 great mace "Brush" {heavy, Will+ rCorr
                  | Str-2}
  4195 | D:6      | Noticed a boulder beetle
  4200 | D:6      | Found a large runed translucent door.
  4200 | D:6      | Found a large runed translucent door.
  4225 | D:6      | Reached skill level 12 in Unarmed Combat
  4237 | D:6      | Noticed a kobold demonologist
  4238 | D:6      | Noticed a red devil
  4250 | D:6      | Reached XP level 9. HP: 40/81 MP: 8/8
  4252 | D:6      | Mangled by a red devil

Illustrated notes

Levels and vault maps discovered:
D:1:      heliophobic_arrival_enchanted_forest, layout_basic,
          hellmonk_ecumenical_altar_pennies_from_heaven
D:2:      layout_loops_ring, nrook_mini_backslash, hangedman_decor_slide_cut
D:3:      layout_basic
D:4:      layout_basic, hex_medium, palyth_stone_intersect,
          uniq_crazy_yiuf_cottage, uniq_natasha
D:5:      layout_gridville, gammafunk_temple_overflow_wave
D:6:      layout_basic, fiery_altar_vehumet, kennysheep_little_box,
          jmf_multi_god_temple, gammafunk_ghost_smash,
          minmay_hollow_rounded_squares, uniq_edmund

Skill      XL: |  1  2  3  4  5  6  7  8 |
---------------+-------------------------+-----
Unarmed Combat | 4 5 6 8 9 12 | 12.0
Fighting       | 3 |  3.0
Dodging        | |  2.4

Action                     |  1- 3 |  4- 6 |  7- 9 || total
---------------------------+-------+-------+-------++-------
  Melee: Unarmed           |    80 |   123 |   132 ||   335
         Punch             |     1 |     3 |     6 ||    10
    Use: Scroll            |       |     5 |       ||     5
 Armour: Animal skin       |    22 |    29 |    29 ||    80
  Dodge: Dodged            |    28 |    49 |    56 ||   133
